 Dungeon Crawl Stone Soup version 0.26.1-11-gd32895ea62 (webtiles) character file.

Game seed: 1366848505686520817

4077 Patoropollo the Fighter (level 10, 0/91 HPs)
             Began as a Minotaur Fighter on May 31, 2021.
             Was a Priest of Cheibriados.
             Slain by a wyvern (5 damage)
             ... on level 7 of the Dungeon.
             The game lasted 00:41:02 (6664 turns).

Patoropollo the Fighter (Minotaur Fighter)          Turns: 6664, Time: 00:41:03

Health: 0/91       AC: 18    Str: 29    XL:     10   Next: 5%
Magic:  10/12      EV:  4    Int: 11    God:    Cheibriados [***...]
Gold:   421        SH: 19    Dex: 17    Spells: 9/9 levels left

rFire    . . .     SeeInvis .   p - +0 broad axe (flame)
rCold    . . .     Faith    .   m - +0 tower shield
rNeg     . . .     Spirit   .   B - +3 plate armour
rPois    .         Reflect  .   (helmet restricted)
rElec    .         Harm     .   q - +0 cloak
rCorr    .         Rampage  .   (no gloves)
Will     ++...                  (no boots)
Stlth    ..........             (no amulet)
HPRegen  0.25/turn              e - ring of willpower
MPRegen  0.13/turn              w - ring of willpower

@: mighty, very slow
A: retaliatory headbutt, horns 2
a: Renounce Religion, Bend Time, Temporal Distortion


You were on level 7 of the Dungeon.
You worshipped Cheibriados.
Cheibriados was most pleased with you.
You visited 2 branches of the dungeon, and saw 8 of its levels.

You collected 421 gold pieces.

Inventory:

Hand Weapons
 p - a +0 broad axe of flaming (weapon)
Armour
 m - a +0 tower shield (worn)
 q - a +0 cloak (worn)
 B - a +3 plate armour (worn)
Jewellery
 e - a ring of willpower (left hand)
 i - an uncursed ring of protection from fire
 s - an uncursed ring of protection from fire
 w - a ring of willpower (right hand)
Wands
 v - a wand of flame (17)
Scrolls
 h - 4 scrolls of remove curse
 k - 3 scrolls of teleportation
 l - 2 scrolls of amnesia
 t - a scroll of blinking
 y - 3 scrolls of magic mapping
Potions
 c - a potion of degeneration {unknown}
 f - 3 potions of curing
 g - 4 potions of brilliance
 j - 4 potions of cancellation
 n - a potion of heal wounds {unknown}
 o - a potion of resistance
 r - a potion of attraction
 z - 2 potions of magic
 A - a potion of ambrosia


   Skills:
 + Level 9.0 Fighting
 + Level 8.4 Axes
 + Level 8.9 Armour
 + Level 8.9 Shields
 + Level 5.1 Invocations


You had 9 spell levels left.
You didn't know any spells.
Your spell library was empty.

Dungeon Overview and Level Annotations

Branches:
Dungeon (7/15)             Temple (1/1) D:7

Altars:
Ashenzari
Cheibriados
Dithmenos
Elyvilon
Fedhas
Gozag
Hepliaklqana
Kikubaaqudgha
Makhleb
Okawaru
Qazlal
Ru
Sif Muna
Trog
Uskayaw
Vehumet
Wu Jian
Yredelemnul
Zin


Innate Abilities, Weirdness & Mutations

You reflexively headbutt those who attack you in melee.
You have a pair of horns on your head.


Message History

As you read the scroll of teleportation, it crumbles to dust.
You feel strangely unstable. You block the wyvern's attack. x2
You slice the wyvern!! You burn the wyvern!
You kill the wyvern!
Cheibriados thoroughly appreciates the change of pace.
You slash the polar bear! You burn the polar bear.
You block the polar bear's attack. x2
The polar bear claws you but does no damage.
The polar bear bites you!
* * * LOW HITPOINT WARNING * * *
The polar bear claws you but does no damage. x2
Your Fighting skill increases to level 9!
You closely miss the polar bear. You headbutt the polar bear!
The polar bear is severely wounded.
You closely miss the polar bear.
Your shield and plate armour prevent you from hitting the polar bear.
Your surroundings suddenly seem different.
The yak bellows!
The wyvern bites you.
You die...

....##.#...Yh'...#.....###..##.#.
....####.....'...#.....##...#....
....####.....'...#..........##...
.......#.....#..Y#..........###..
.......#.....#.Y.#.........#####.
......########...#...........#.#.
..##....#........................
.###...##.......l................
.#....)....###..@...........###..
..#.......#####............##....
.........## #<....#.......#####..
........#####....##........# ###.
..................#........###...
.................#......[........
................>#.............##
..............................###
.......................##....##.#


You could see 2 yaks and a wyvern.

Vanquished Creatures
  Maggie (D:7)
  2 polar bears (D:7)
  Prince Ribbit (D:7)
  Grinder (D:3)
  A hog (D:7)
  3 wyverns (D:7)
  Duvessa (D:7)
  2 sky beasts
  A black bear (D:7)
  4 ogres
  A centaur (D:5)
  3 bullfrogs
  Dowan (D:7)
  A scorpion (D:6)
  6 killer bees (D:7)
  3 hounds
  Crazy Yiuf (D:3)
  4 orc priests
  6 orc wizards
  Jessica (D:3)
  Ijyb (D:3)
  4 iguanas
  8 worker ants
  A hound zombie (D:5)
  A hound skeleton (D:7)
  Robin (D:4)
  2 worker ant zombies
  4 adders
  2 shadow imps
  2 white imps
  An ufetubus (D:6)
  An ooze (D:1)
  2 worms
  3 leopard geckos
  24 orcs
  4 giant cockroaches
  9 hobgoblins
  A quokka (D:6)
  A ball python (D:2)
  5 bats
  2 frilled lizards
  17 goblins
  6 kobolds
  A leopard gecko skeleton (D:5)
  A quokka skeleton (D:5)
  8 rats
156 creatures vanquished.

Vanquished Creatures (others)
  A sky beast (D:5)
  An orc wizard (D:4)
2 creatures vanquished.

Grand Total: 158 creatures vanquished

Notes
Turn   | Place    | Note
-------+----------+-------------------------------------------
     0 | D:1      | Patoropollo the Minotaur Fighter began the quest for the
                  | Orb.
     0 | D:1      | Reached XP level 1. HP: 19/19 MP: 0/0
   218 | D:1      | Reached XP level 2. HP: 25/27 MP: 1/1
   673 | D:1      | Reached skill level 4 in Fighting
  1097 | D:2      | Reached XP level 3. HP: 33/33 MP: 2/2
  1248 | D:2      | Found a stormy altar of Qazlal.
  1299 | D:2      | Found an ornate altar of the Wu Jian Council.
  1525 | D:3      | Noticed Grinder
  1548 | D:3      | Paralysed by Grinder for 7 turns
  1562 | D:3      | Killed Grinder
  1563 | D:3      | Reached skill level 5 in Fighting
  1563 | D:3      | Reached skill level 5 in Armour
  1563 | D:3      | Reached skill level 5 in Shields
  1563 | D:3      | Reached XP level 4. HP: 19/42 MP: 3/3
  1563 | D:3      | Reached XP level 5. HP: 22/48 MP: 4/4
  1741 | D:3      | Noticed Jessica
  1745 | D:3      | Killed Jessica
  1782 | D:3      | Reached XP level 6. HP: 56/56 MP: 5/5
  1865 | D:3      | Noticed Ijyb
  1877 | D:3      | Killed Ijyb
  2309 | D:3      | Found a runed translucent door.
  2310 | D:3      | Noticed Crazy Yiuf
  2325 | D:3      | Killed Crazy Yiuf
  2862 | D:4      | Reached skill level 5 in Axes
  2862 | D:4      | Reached XP level 7. HP: 56/62 MP: 6/6
  2987 | D:4      | Noticed Robin
  2997 | D:4      | Killed Robin
  3051 | D:4      | Reached skill level 6 in Fighting
  3364 | D:4      | Found a radiant altar of Vehumet.
  3365 | D:4      | Found a snail-covered altar of Cheibriados.
  3372 | D:4      | Found a glowing silver altar of Zin.
  3374 | D:4      | Found a hide-covered altar of Uskayaw.
  3386 | D:4      | Became a worshipper of Cheibriados the Contemplative
  3548 | D:4      | Found a hazy altar of Hepliaklqana.
  3563 | D:4      | Found an iron altar of Okawaru.
  3667 | D:5      | Entered Level 5 of the Dungeon
  3736 | D:5      | Reached skill level 1 in Invocations
  3959 | D:5      | Found a shimmering blue altar of Sif Muna.
  4160 | D:5      | Reached XP level 8. HP: 63/71 MP: 8/8
  4267 | D:5      | Reached * piety under Cheibriados
  4756 | D:6      | Reached skill level 7 in Fighting
  5612 | D:7      | Found a huge runed translucent gate.
  5613 | D:7      | Noticed a polar bear
  5613 | D:7      | Noticed a manticore
  5615 | D:7      | Noticed a polar bear
  5619 | D:7      | Noticed a polar bear
  5637 | D:7      | Found a huge runed translucent gate.
  5637 | D:7      | Noticed a polar bear
  5638 | D:7      | Found a huge runed translucent gate.
  5640 | D:7      | Found a huge runed translucent gate.
  5640 | D:7      | Noticed a polar bear
  5640 | D:7      | Noticed a polar bear
  5716 | D:7      | Reached ** piety under Cheibriados
  5788 | D:7      | Reached XP level 9. HP: 79/80 MP: 10/10
  5839 | D:7      | Noticed Duvessa
  5839 | D:7      | Noticed Dowan
  5849 | D:7      | Killed Duvessa
  5862 | D:7      | Killed Dowan
  6091 | D:7      | Found a staircase to the Ecumenical Temple.
  6094 | D:7      | Noticed Prince Ribbit
  6107 | D:7      | Killed Prince Ribbit
  6108 | D:7      | Reached skill level 8 in Fighting
  6254 | D:7      | Noticed Maggie
  6274 | D:7      | Killed Maggie
  6532 | Temple   | Entered the Ecumenical Temple
  6656 | D:7      | Killed a polar bear
  6657 | D:7      | Reached skill level 5 in Invocations
  6657 | D:7      | Killed a polar bear
  6657 | D:7      | Reached *** piety under Cheibriados
  6658 | D:7      | Reached XP level 10. HP: 14/90 MP: 8/12
  6659 | D:7      | HP: 3/90 [polar bear (12)]
  6660 | D:7      | Reached skill level 9 in Fighting
  6664 | D:7      | Slain by a wyvern

Illustrated notes

Levels and vault maps discovered:
D:1:      kilobyte_arrival_exit_the_forest, layout_loops_ring,
          kennysheep_another_room, dk_noncrumbling_4, minmay_tromino_v7
D:2:      layout_rooms, lemuel_doored_altar, nzn_wu_jian_council_hall,
          minivault_26
D:3:      layout_loops_ring, uniq_ijyb, uniq_crazy_yiuf_cottage, uniq_jessica,
          uniq_grinder
D:4:      layout_basic, minitemple, okawaru_altar_gauntlet_db,
          nzn_hepliaklqana_mist_gate, chequers_serial_rivers_micro_c, uniq_robin
D:5:      layout_gridville, old_standard_altar
D:6:      layout_loops_corners, chequers_decorated_corner
D:7:      lemuel_bear_cage, layout_cave_pools, minmay_temple_entry_antechambers,
          uniq_duvessa, uniq_maggie, uniq_prince_ribbit1
Temple:   zaba_magenta_temple

Skill      XL: |  1  2  3  4  5  6  7  8  9 10 |
---------------+-------------------------------+-----
Fighting       | 4 5 6 7 8 9 |  9.0
Armour         | 4 5 6 7 8 |  8.9
Shields        | 4 5 6 7 8 |  8.9
Axes           | 4 5 7 8 |  8.4
Invocations    | 1 3 5 |  5.1

Action                   |  1- 3 |  4- 6 |  7- 9 | 10-12 || total
-------------------------+-------+-------+-------+-------++-------
Melee: War axe           |    74 |    59 |   233 |       ||   366
       Headbutt          |     9 |    16 |    52 |     1 ||    78
       Unarmed           |    11 |       |       |       ||    11
       Broad axe         |       |       |    11 |     2 ||    13
Invok: Bend Time         |       |       |     1 |       ||     1
  Use: Scroll            |       |       |    20 |     1 ||    21
       Potion            |       |       |     1 |       ||     1
Armor: Scale mail        |    35 |    24 |    50 |       ||   109
       Skin              |     2 |       |       |       ||     2
       Plate armour      |       |       |    82 |     3 ||    85
Dodge: Dodged            |    25 |    20 |    56 |       ||   101
Block: Kite shield       |    34 |    20 |    80 |       ||   134
       Tower shield      |       |       |   118 |     4 ||   122
